 Seeded DCSS version 0.30.1-9-gdf580d7c3d (webtiles) character file.

Game seed: 7229806256980976716 (custom seed)

297 Psyclone the Digger (level 6, -4/45 HPs)
             Began as a Meteoran Earth Elementalist on Oct 16, 2023.
             Slain by a water moccasin zombie (6 damage)
             ... in an ossuary.
             The game lasted 00:02:18 (691 turns).

Psyclone the Digger (Meteoran Earth Elementalist)    Turns: 691, Time: 00:02:19

Health: -4/45      AC:  5    Str: 10    XL:     6   Next: 94%
Magic:  3/15       EV: 12    Int: 18    God:
Gold:   3861       SH:  0    Dex: 15    Spells: 9/15 levels left

rFire   . . .        (no weapon)
rCold   . . .        (no shield)
rNeg    . . .        a - +0 robe
rPois   +            (no helmet)
rElec   .            (no cloak)
rCorr   .            n - +0 pair of gloves
SInv    .            (no boots)
Will    .....        (no amulet)
Stlth   +            (no ring)
HPRegen 0.27/turn    (no ring)
MPRegen 0.14/turn

%: no passive effects
@: glowing
A: sense surroundings 1, otherworldly, glowing, explore regen, talons 1,
iridescent scales 1, poison resistance, evolution 1, MP-powered wands, noise
suppression
a: no special abilities


You were in an ossuary.
You visited 1 branch of the dungeon, and saw 4 of its levels.
You also visited: Ossuary.

You collected 3861 gold pieces.

Inventory:

Missiles
 d - a throwing net {!f}
Armour
 a - a +0 robe (worn)
 n - a +0 pair of gloves (worn)
Scrolls
 c - 3 scrolls of amnesia {unknown}
 e - a scroll of identify {unknown}
 f - 2 scrolls of blinking {unknown}
 h - a scroll of enchant armour {unknown}
 l - a scroll of poison {unknown}
 o - 2 scrolls of vulnerability {unknown}
 p - a scroll of fog {unknown}
 r - a scroll of butterflies {unknown}
 t - 2 scrolls of silence {unknown}
Potions
 b - a potion of magic
 g - 2 potions of might {unknown}
 i - 3 potions of curing {unknown}
 j - a potion of invisibility {unknown}
 k - a potion of brilliance {unknown}
 m - a potion of mutation
 q - a potion of attraction {unknown}
 s - a potion of berserk rage {unknown}
 u - a potion of ambrosia {unknown}


   Skills:
 - Level 2.4 Dodging
 - Level 1.4 Stealth
 * Level 5.3 Spellcasting
 + Level 3.4 Transmutations
 * Level 6.0 Earth Magic


You had 9 spell levels left.
You knew the following spells:

 Your Spells              Type           Power      Damage    Failure   Level
a - Sandblast             Erth           52%        2d12      1%          1
b - Passwall              Tmut/Erth      17%        N/A       2%          2
c - Stone Arrow           Conj/Erth      30%        3d8       11%         3

Your spell library contained the following spells:

 Spells                   Type           Power      Damage    Failure   Level
 Cigotuvi's Dreadful Rot  Necr/Pois/Air  8%         N/A       19%         2
 Poisonous Vapours        Pois/Air       8%         N/A       19%         2
 Petrify                  Tmut/Erth      21%        N/A       19%         4
 Mephitic Cloud           Conj/Pois/Air  4%         N/A       36%         3
 Dispel Undead            Necr           4%         3d7       77%         4
 Freezing Cloud           Conj/Ice/Air   2%         6-21      98%         5
 Death Channel            Necr           2%         N/A       100%        6


Dungeon Overview and Level Annotations

Branches:
Dungeon (4/15) Zot: 1767   Temple (0/1) D:4         Ossuary (1/1) Zot: 506

Altars:

Annotations:
D:3 3 runed translucent doors


Innate Abilities, Weirdness & Mutations

You passively map a small area around you.
You are easily found by Zot.
You glow in the dark.
You regain HP and MP as you explore.
You have sharp toenails.
You are partially covered in iridescent scales. (AC +2)
Your system is resistant to poisons. (rPois)
You have hidden genetic potential.
You expend magic power (3 MP) to strengthen your wands.
You passively dampen the noise of your surroundings.


Message History

The mummy barely misses you.
You take 8 damage, and have 7/45 hp.
You now have 6/14 mp.
Casting: Sandblast (safe; 1% risk of failure)
Confirm with . or Enter, or press ? or * to list all spells.
Aiming: Sandblast (safe; 1% risk of failure)
Press: ? - help, Shift-Dir - straight line, f/p - mummy
Aim: a mummy (moderately damaged, 92% to hit)
The blast of sand hits the mummy!
You destroy the mummy!
The water moccasin zombie bites you but does no damage.
The centaur zombie hits you.
* * * LOW HITPOINT WARNING * * *
The centaur zombie kicks you but does no damage.
The water moccasin zombie closely misses you.
Your Earth Magic skill increases to level 6!
You now have 5/15 mp.
Casting: Sandblast (safe; 1% risk of failure)
Confirm with . or Enter, or press ? or * to list all spells.
Aiming: Sandblast (safe; 1% risk of failure)
Press: ? - help, Shift-Dir - straight line, f - centaur zombie
Aim: a centaur zombie (moderately damaged, 100% to hit)
The blast of sand hits the centaur zombie.
The centaur zombie is heavily damaged.
The centaur zombie hits you.
* * * LOW HITPOINT WARNING * * *
The centaur zombie barely misses you.
The water moccasin zombie completely misses you.
The centaur zombie hits you.
* * * LOW HITPOINT WARNING * * *
The centaur zombie kicks you but does no damage.
You take 5 damage, and have 2/45 hp.
You now have 4/15 mp.
Casting: Sandblast (safe; 1% risk of failure)
Confirm with . or Enter, or press ? or * to list all spells.
Aiming: Sandblast (safe; 1% risk of failure)
Press: ? - help, Shift-Dir - straight line, f/p - centaur zombie
Aim: a centaur zombie (heavily damaged, 100% to hit)
The blast of sand hits the centaur zombie!!
The centaur zombie is almost destroyed.
The water moccasin zombie bites you.
You die...

* #∩..#.+
*#.#####.# '.
#.'.+
*#.#####.### ~ ,
, , ,#.#...#.'.#
~ ,#M#...'.### *
~ #.#...#.'.#
~#####Z#####.###
~.~~..Z@.....+ *
~ +#~#'#+#'#+#'#
#.# #.# *** ###
### *


You could see a mummy, a water moccasin zombie and a centaur zombie.

Vanquished Creatures
  A scorpion (D:4)
  A water moccasin zombie (Ossuary)
  A jelly (D:2)
  A sleepcap (D:4)
  6 mummies
  2 adders
  A worm (D:3)
  2 ball pythons
  2 bats
  An endoplasm (D:2)
  3 giant cockroaches
  2 hobgoblins
  6 jackals
  2 quokkas
  A frilled lizard (D:1)
  A goblin zombie (D:4)
  An orc zombie (D:4)
  3 rats
37 creatures vanquished.

Notes
Turn   | Place    | Note
-------+----------+-------------------------------------------
     0 | D:1      | Psyclone the Meteoran Earth Elementalist began the quest
                  | for the Orb.
     0 | D:1      | Reached XP level 1. HP: 14/14 MP: 5/5
    64 | D:1      | Identified 3 scrolls of acquirement
    64 | D:1      | Acquired 1248 gold pieces
    65 | D:1      | Acquired 1275 gold pieces
    88 | D:1      | Acquired 1252 gold pieces
   159 | D:1      | Reached XP level 2. HP: 20/20 MP: 3/6
   193 | D:1      | Gained mutation: You are partially covered in iridescent
                  | scales. (AC +2) [potion of mutation]
   193 | D:1      | Gained mutation: You expend magic power (3 MP) to
                  | strengthen your wands. [potion of mutation]
   193 | D:1      | Gained mutation: You have hidden genetic potential. [potion
                  | of mutation]
   193 | D:1      | Gained mutation: You have great hidden genetic potential.
                  | [potion of mutation]
   282 | D:2      | Reached skill level 4 in Earth Magic
   301 | D:2      | Reached XP level 3. HP: 26/26 MP: 6/8
   325 | D:2      | Reached XP level 4. HP: 33/33 MP: 5/10
   328 | D:2      | Learned a level 2 spell: Passwall
   328 | D:2      | Gained mutation: You passively dampen the noise of your
                  | surroundings. [hidden potential]
   332 | D:2      | Learned a level 3 spell: Stone Arrow
   460 | D:3      | Found a runed translucent gate.
   460 | D:3      | Found a runed translucent gate.
   460 | D:3      | Found a runed translucent gate.
   528 | D:4      | Noticed a scorpion
   533 | D:4      | Killed a scorpion
   534 | D:4      | Reached skill level 5 in Earth Magic
   534 | D:4      | Reached XP level 5. HP: 38/38 MP: 8/12
   538 | D:4      | Gained mutation: Your system is resistant to poisons.
                  | (rPois) [hidden potential]
   538 | D:4      | Lost mutation: You have great hidden genetic potential.
                  | [hidden potential expressed]
   587 | D:4      | Found a staircase to the Ecumenical Temple.
   592 | D:4      | Reached XP level 6. HP: 44/45 MP: 10/14
   602 | D:4      | Found a sand-covered staircase.
   609 | Ossuary  | Entered an ossuary
   650 | Ossuary  | Reached skill level 5 in Spellcasting
   663 | Ossuary  | Gained mutation: You have sharp toenails. [hidden
                  | potential]
   690 | Ossuary  | Reached skill level 6 in Earth Magic
   690 | Ossuary  | HP: 2/45 [centaur zombie (2)]
   691 | Ossuary  | Slain by a water moccasin zombie

Illustrated notes

Levels and vault maps discovered:
D:1:      spicycebolla_arrival_ecumenical, layout_loops_ring
D:2:      layout_basic
D:3:      layout_rooms, mainiacjoe_overflow_paths, gammafunk_ghost_necromancy
D:4:      layout_rooms, tso_metal_star, mainiacjoe_overflow_catwalk,
          elyvilon_altar_5, minmay_temple_entry_stoned_glass,
          nicolae_ossuary_entry_giza, minmay_misc_feat_square, minivault_4
Ossuary:  ossuary_zaba_flooded

Skill      XL: |  1  2  3  4  5  6 |
---------------+-------------------+-----
Spellcasting   | 3 4 5 |  5.3
Earth Magic    | 4 5 6 |  6.0
Transmutations | 2 3 |  3.4
Dodging        | |  2.4
Stealth        | |  1.4

Action                     |  1- 3 |  4- 6 || total
---------------------------+-------+-------++-------
   Cast: Sandblast         |    13 |    57 ||    70
         Passwall          |       |     5 ||     5
    Use: Scroll            |     3 |       ||     3
         Potion            |     1 |       ||     1
 Armour: Robe              |       |    12 ||    12
  Dodge: Dodged            |     1 |    17 ||    18
